 Dungeon Crawl Stone Soup version 0.29.1-4-g47bece8355 (webtiles) character file.

Game seed: 4824104971925856468

30 GigaChad the Covered (level 3, -5/29 HPs)
             Began as a Human Fighter on Dec 6, 2022.
             Slain by Sigmund
             ... wielding a +2 scythe of pain
              (9 damage)
             ... on level 2 of the Dungeon.
             The game lasted 00:01:28 (1407 turns).

GigaChad the Covered (Human Fighter)                Turns: 1407, Time: 00:01:29

Health: -5/29      AC:  6    Str: 18    XL:     3   Next: 37%
Magic:  3/3        EV:  9    Int:  8    God:
Gold:   41         SH:  4    Dex: 12    Spells: 2/2 levels left

rFire   . . .      SeeInvis .   a - +0 war axe
rCold   . . .      Faith    .   c - +0 buckler
rNeg    . . .      Spirit   .   b - +0 scale mail
rPois   .          Reflect  .   (no helmet)
rElec   .          Harm     .   (no cloak)
rCorr   .          Rampage  .   (no gloves)
Will    .....                   (no boots)
Stlth   ..........              (no amulet)
HPRegen 0.09/turn               (no ring)
MPRegen 0.08/turn               (no ring)

@: no status effects
A: no striking features
a: no special abilities


You were on level 2 of the Dungeon.
You visited 1 branch of the dungeon, and saw 2 of its levels.

You collected 41 gold pieces.

Inventory:

Hand Weapons
 a - a +0 war axe (weapon)
Armour
 b - a +0 scale mail (worn)
 c - a +0 buckler (worn)
Scrolls
 g - a scroll of poison {unknown}
 h - a scroll of enchant weapon {unknown}
Potions
 d - a potion of might
 e - a potion of flight {unknown}
 f - 3 potions of haste {unknown}


   Skills:
 + Level 3.1 Fighting
 + Level 2.3 Axes
 + Level 3.4 Armour
 + Level 3.4 Shields


You had 2 spell levels left.
You didn't know any spells.
Your spell library contained the following spells:

 Spells                   Type           Power      Damage    Failure   Level
 Magic Dart               Conj           0%         1d3       87%         1
 Call Imp                 Summ           0%         N/A       95%         2
 Mephitic Cloud           Conj/Pois/Air  0%         N/A       99%         3


Dungeon Overview and Level Annotations

Branches:
Dungeon (2/15)

Altars:

Shops:
D:1 [

Annotations:
D:2 Sigmund


Message History

The jackal barely misses you.
You closely miss the jackal.
The jackal is severely wounded.
The jackal barely misses you. x2
You slash the jackal!
You kill the jackal!
You see here a jackal corpse.
A rat comes into view.
A rat is nearby!
A rat is nearby!
You see here a jackal corpse.
HP restored.
There is a stone staircase leading up here.
Sigmund the Dreaded comes into view.
He is wielding a +2 scythe of pain.
Sigmund shouts!
Sigmund is nearby!
Unknown command.
Found a hand axe.
Sigmund barely misses you. Sigmund hits you but does no damage.
Sigmund barely misses you.
You slash Sigmund!
Sigmund is moderately wounded.
Sigmund barely misses you.
You barely miss Sigmund.
Sigmund is moderately wounded.
Sigmund casts a spell.
Sigmund flickers and vanishes!
Deactivating autopickup; reactivate with Ctrl-A.
You hit something. Something hits you.
You writhe in agony.
You hit something but do no damage. You block something's attack.
You closely miss something.
You hear some strange, mumbled words.
A puff of flame appears from out of thin air!
The puff of flame hits you!
You hit something. Something hits you.
You closely miss something. Something hits you!
You closely miss something. Something hits you.
* * * LOW HITPOINT WARNING * * *
You hit something. Something hits you!
You die...

#.## #.#.# #.#
...## #.#.# #.#
#.#.# #.#.###.#
...## #<.#.##.#
...########.###.#.#
.. )...(..†...##
##..###....
...#####..##
##......# #.##
#.#.# ##..####.#
..######.##.#
#{@..# ..........
..#.........#
..######.#
#.##...##### #.#
#.# #####.## #.#
#.# #.# ..# #.. ..)
... ##. ... .# ...


There were no monsters in sight!

Vanquished Creatures
  A dart slug (D:1)
  An endoplasm (D:1)
  3 goblins (D:1)
  5 hobgoblins
  3 jackals (D:2)
  A kobold (D:1)
  A quokka (D:1)
  7 bats
22 creatures vanquished.

Notes
Turn   | Place    | Note
-------+----------+-------------------------------------------
     0 | D:1      | GigaChad the Human Fighter began the quest for the Orb.
     0 | D:1      | Reached XP level 1. HP: 18/18 MP: 1/1
   142 | D:1      | Reached XP level 2. HP: 22/24 MP: 2/2
   199 | D:1      | Found Ojadinihasm's Antique Armour Emporium.
  1075 | D:1      | Reached XP level 3. HP: 29/29 MP: 3/3
  1394 | D:2      | Noticed Sigmund
  1407 | D:2      | Slain by Sigmund

Illustrated notes

Levels and vault maps discovered:
D:1:      dpeg_arrival_morbid_curiosity, layout_loops_corners, serial_shops,
          shop_fountains
D:2:      layout_loops_ring, due_unseen_surprise, uniq_sigmund

Action                   || total
-------------------------++-------
Melee: War axe           ||    73
Armor: Scale mail        ||    63
Dodge: Dodged            ||    66
Block: Buckler           ||    34
